 Dungeon Crawl Stone Soup version 0.30.0-5-g1a98f26d00 (webtiles) character file.

Game seed: 9064396924865423098

5555 hawla the Cruncher (level 11, -12/77 HPs)
             Began as a Meteoran Fire Elementalist on May 10, 2023.
             Was a Believer of Vehumet.
             Mangled by a two-headed ogre
             ... wielding a +0 giant club
              (28 damage)
             ... on level 10 of the Dungeon.
             The game lasted 00:15:34 (3090 turns).

hawla the Cruncher (Meteoran Fire Elementalist)     Turns: 3090, Time: 00:15:35

Health: -12/77     AC:  7    Str:  9    XL:     11   Next: 21%
Magic:  20/23      EV: 18    Int: 26    God:    Vehumet [**....]
Gold:   376        SH:  0    Dex: 21    Spells: 15/25 levels left

rFire   . . .        A - +6 war axe "Zowaez" {heavy, rC+ Int+4}
rCold   + . .        (no shield)
rNeg    . . .        p - +0 steam dragon scales
rPois   .            (no helmet)
rElec   .            t - +0 cloak
rCorr   .            y - +0 pair of gloves
SInv    .            (no boots)
Will    +....        h - amulet of magic regeneration
Stlth   +            b - +6 ring of dexterity
HPRegen 0.32/turn    (no ring)
MPRegen 0.58/turn

%: no passive effects
@: glowing
A: sense surroundings 2, otherworldly, glowing, explore regen
a: Renounce Religion


You were on level 10 of the Dungeon.
You worshipped Vehumet.
Vehumet was pleased with you.
You visited 2 branches of the dungeon, and saw 11 of its levels.

You collected 376 gold pieces.

Inventory:

Hand Weapons
 A - the +6 war axe "Zowaez" (weapon) {heavy, rC+ Int+4}
   (You found it on level 10 of the Dungeon)

   Int:       It affects your intelligence (+4).
   rC:        It protects you from cold.
Armour
 p - +0 steam dragon scales (worn)
 t - a +0 cloak (worn)
 y - a +0 pair of gloves (worn)
Magical Staves
 n - a staff of fire
Jewellery
 b - a +6 ring of dexterity (left hand)
 h - an amulet of magic regeneration (around neck)
 z - a ring of protection from cold
Wands
 i - a wand of light (7) (quivered)
Scrolls
 d - a scroll of immolation {unknown}
 f - 2 scrolls of acquirement {unknown}
 g - a scroll of magic mapping {unknown}
 k - a scroll of poison {unknown}
 l - a scroll of blinking {unknown}
 m - 2 scrolls of teleportation
 o - a scroll of amnesia {unknown}
 q - a scroll of fear {unknown}
 s - a scroll of silence {unknown}
 u - 3 scrolls of identify
Potions
 a - a potion of flight {unknown}
 c - 2 potions of curing
 e - a potion of cancellation
 j - 2 potions of lignification {unknown}
 r - a potion of haste {unknown}
 v - 3 potions of heal wounds {unknown}
 x - a potion of resistance {unknown}
Miscellaneous
 w - a box of beasts


   Skills:
 + Level 1.3 Fighting
 * Level 9.6 Staves
 + Level 7.9 Dodging
 - Level 1.4 Stealth
 + Level 7.6 Spellcasting
 + Level 6.6 Conjurations
 + Level 8.3 Fire Magic
 + Level 5.4 Ice Magic
 + Level 3.0 Evocations


You had 15 spell levels left.
You knew the following spells:

 Your Spells              Type           Power      Damage    Failure   Level
a - Foxfire               Conj/Fire      100%       2x1d9     1%          1
b - Scorch                Fire           100%       2d9       1%          2
c - Flame Wave            Conj/Fire      48%        2d12      2%          4
d - Frozen Ramparts       Ice            76%        1d12      1%          3

Your spell library contained the following spells:

 Spells                   Type           Power      Damage    Failure   Level
 Sandblast                Erth           18%        2d7       6%          1
 Inner Flame              Hex/Fire       31%        N/A       3%          3
 Volatile Blastmotes      Fire/Tloc      62%        2d15      3%          3
 Ice Form                 Ice/Tmut       23%        N/A       19%         4
 Summon Ice Beast         Ice/Summ       23%        N/A       19%         4
 Summon Forest            Summ/Tloc      4%         N/A       86%         5
 Eringya's Noxious Bog    Tmut/Pois      4%         N/A       100%        6
 Summon Hydra             Summ           4%         N/A       100%        7


Dungeon Overview and Level Annotations

Branches:
Dungeon (10/15) Zot: 2974  Temple (1/1) D:4 Zot: 532     Orc (0/2) D:10
   Lair: D:8-11

Altars:
Ashenzari
Cheibriados
Dithmenos
Elyvilon
Fedhas
Gozag
Hepliaklqana
Kikubaaqudgha
Makhleb
Nemelex Xobeh
Okawaru
Qazlal
Ru
Sif Muna
Trog
Uskayaw
Vehumet
Wu Jian
Xom
Yredelemnul
Zin
The Shining One

Shops:
D:9 =


Innate Abilities, Weirdness & Mutations

You passively map the area around you.
You are easily found by Zot.
You glow in the dark.
You regain HP and MP as you explore.


Message History

The orc shouts!
You hear a bellow!
A two-headed ogre comes into view.
It is wielding a +0 giant club and a +0 giant spiked club.
The two-headed ogre shouts in stereo!
The yak bellows! x2
You slash the orc!
You kill the orc!
Vehumet accepts your kill.
The yak bellows!
You hear a bellow!
You slice the two-headed ogre!!
The two-headed ogre is moderately wounded.
The two-headed ogre hits you with a +0 giant club!
The two-headed ogre hits you with a +0 giant spiked club.
The two-headed ogre barely misses you.
The two-headed ogre hits you with a +0 giant spiked club.
You slash the two-headed ogre!
The two-headed ogre is heavily wounded.
You hit the yak.
The yak gores you! x2; The yak barely misses you.
The two-headed ogre hits you with a +0 giant club!
The two-headed ogre barely misses you. The yak misses you.
The yak closely misses you.
You are too injured to fight recklessly!
Unknown command.
Casting: Foxfire (safe; 1% risk of failure)
Confirm with . or Enter, or press ? or * to list all spells.
Casting: Flame Wave (dangerous; 2% risk of failure)
Press: ? - help, Dir - look around, f - activate A wave of flame ripples out!
The flame wave engulfs the yak!
The yak is moderately wounded.
The flame wave engulfs the yak!
The yak is heavily wounded.
The flame wave engulfs the two-headed ogre!
The two-headed ogre is severely wounded. (Press . to intensify the flame waves.)
The two-headed ogre hits you with a +0 giant club!!
* * * LOW HITPOINT WARNING * * *
The two-headed ogre barely misses you.
Unknown command.
You feel better. The yak completely misses you. The two-headed ogre misses you.
The two-headed ogre hits you with a +0 giant spiked club!!
You die...

....###.....###......#
..............##.....##
.............###......#
.....#........###.#..##
...............##...##
...#................###
*
#..###................#.
. ,
*....................* .
,,,....<.)#@Y......# . ,
...##..#YOY......# * , ,
.. ..#....##Yo....... ,
,,.., ,.....#....#.....,
*#.,##.............., *
, #.##......##..... ,
.>.#...........).... * *
.......<.†.......... , *
......#......... , ,*


You could see a two-headed ogre, 4 yaks and an orc.

Vanquished Creatures
  A kobold demonologist (D:10)
  An unseen horror (D:10)
  A troll (D:9)
  14 yaks
  4 vampire mosquitoes (D:10)
  Menkaure (D:5)
  2 steam dragons
  3 orc warriors
  A black bear (D:8)
  3 centaurs
  A phantom (D:5)
  4 kobold brigands
  A scorpion (D:7)
  3 wights (D:9)
  9 killer bees (D:9)
  A jelly (D:4)
  3 orc priests
  A hound (D:5)
  A gnoll bouda (D:8)
  An iguana (D:5)
  4 orc wizards
  3 gnolls (D:8)
  An adder (D:4)
  19 orcs
  An endoplasm (D:4)
  A giant cockroach (D:3)
  A hobgoblin (D:4)
  2 quokkas (D:4)
  A ball python (D:4)
  12 kobolds
101 creatures vanquished.

Vanquished Creatures (others)
  163 foxfires
163 creatures vanquished.

Grand Total: 264 creatures vanquished

Notes
Turn   | Place    | Note
-------+----------+-------------------------------------------
     0 | D:1      | hawla the Meteoran Fire Elementalist began the quest for
                  | the Orb.
     0 | D:1      | Reached XP level 1. HP: 14/14 MP: 5/5
    63 | D:3      | Found a sparkling altar of Nemelex Xobeh.
   110 | D:4      | Reached XP level 2. HP: 20/20 MP: 2/6
   117 | D:4      | Learned a level 2 spell: Scorch
   138 | D:4      | Found a glowing silver altar of Zin.
   157 | D:4      | Reached XP level 3. HP: 26/26 MP: 1/8
   182 | D:4      | Found a staircase to the Ecumenical Temple.
   217 | D:4      | Reached XP level 4. HP: 20/33 MP: 6/9
   225 | D:4      | Learned a level 4 spell: Flame Wave
   234 | Temple   | Entered the Ecumenical Temple
   234 | Temple   | Found a transporter.
   234 | Temple   | Found a transporter.
   236 | Temple   | Found a transporter.
   236 | Temple   | Found a transporter.
   285 | Temple   | Became a worshipper of Vehumet
   315 | D:5      | Entered Level 5 of the Dungeon
   315 | D:5      | Noticed a phantom
   323 | D:5      | Reached XP level 5. HP: 33/38 MP: 0/10
   323 | D:5      | Killed a phantom
   324 | D:5      | Reached XP level 6. HP: 40/45 MP: 0/11
   327 | D:5      | Noticed Menkaure
   337 | D:4      | Reached skill level 1 in Evocations
   423 | D:5      | Killed Menkaure
   424 | D:5      | Reached skill level 5 in Fire Magic
   424 | D:5      | Reached XP level 7. HP: 50/50 MP: 5/13
   796 | D:7      | Reached skill level 5 in Conjurations
   887 | D:7      | Noticed a steam dragon
   896 | D:7      | Killed a steam dragon
   966 | D:8      | Reached XP level 8. HP: 41/58 MP: 9/16
   973 | D:8      | Reached skill level 5 in Spellcasting
  1033 | D:8      | Reached * piety under Vehumet
  1033 | D:8      | Offered knowledge of Kiss of Death by Vehumet.
  1265 | D:8      | Noticed a steam dragon
  1273 | D:8      | Killed a steam dragon
  1274 | D:8      | Reached skill level 1 in Fighting
  1317 | D:8      | Noticed a yak
  1320 | D:8      | Noticed a yak
  1322 | D:8      | Noticed a yak
  1324 | D:8      | Killed a yak
  1324 | D:8      | Noticed a yak
  1325 | D:8      | Reached skill level 3 in Staves
  1325 | D:8      | Gained mutation: You passively map the area around you.
                  | [Meteoran growth]
  1325 | D:8      | Reached XP level 9. HP: 64/64 MP: 9/19
  1331 | D:8      | Reached skill level 4 in Staves
  1382 | D:8      | Reached skill level 5 in Staves
  1611 | D:8      | Reached skill level 6 in Staves
  1617 | D:8      | Reached skill level 5 in Dodging
  1706 | D:9      | Noticed a troll
  1713 | D:9      | Killed a troll
  1718 | D:9      | Learned a level 3 spell: Frozen Ramparts
  1722 | D:9      | Reached XP level 10. HP: 71/71 MP: 17/20
  1726 | D:9      | Reached skill level 1 in Ice Magic
  1788 | D:9      | Found Ydet's Jewellery Boutique.
  2029 | D:9      | Reached skill level 7 in Staves
  2039 | D:9      | Reached skill level 8 in Staves
  2040 | D:9      | Reached skill level 5 in Ice Magic
  2300 | D:9      | Offered knowledge of Sandblast by Vehumet.
  2304 | D:9      | Reached ** piety under Vehumet
  2714 | D:10     | Entered Level 10 of the Dungeon
  2719 | D:10     | Found a staircase to the Orcish Mines.
  2721 | D:10     | Killed an unseen horror
  2724 | D:10     | Reached skill level 9 in Staves
  2835 | D:10     | Found a burning altar of Makhleb.
  2850 | D:10     | Reached XP level 11. HP: 33/77 MP: 14/22
  2892 | D:10     | Noticed a sun demon
  3018 | D:10     | Identified the +6 war axe "Zowaez" {heavy, rC+ Int+4}
  3083 | D:10     | Noticed a two-headed ogre
  3090 | D:10     | Mangled by a two-headed ogre

Illustrated notes

Levels and vault maps discovered:
D:1:      dpeg_arrival_ternary, layout_loops_cross
D:2:      minmay_wonky_spiral, layout_basic, chequers_ecumenical_altar_simple,
          minmay_fractal_squares_gapless_5
D:3:      layout_basic, mainiacjoe_overflow_catwalk, serial_shops,
          nicolae_shop_just_a_little_nook, grunt_ministairs_10
D:4:      layout_rooms, lemuel_doored_altar, minmay_temple_entry_arrows
D:5:      layout_loops_ring, serial_bayou_pond_c, minmay_misc_feat_roman,
          chequers_serial_rivers_small_3, nicolae_nh_ransacked_shop,
          uniq_menkaure
D:6:      layout_basic
D:7:      layout_basic, chequers_arboretum, nrook_mini_vaults
D:8:      layout_cave_pods
D:9:      layout_layer_cave, serial_shops, shop
D:10:     layout_cave_pools, mainiacjoe_overflow_surrounded_room, orc_david_3
Temple:   hellmonk_temple_divided_pantheon

Skill      XL: |  1  2  3  4  5  6  7  8  9 10 11 |
---------------+----------------------------------+-----
Fire Magic     | 4 5 6 7 8 |  8.3
Spellcasting   | 3 4 6 7 |  7.6
Conjurations   | 3 4 5 6 |  6.6
Evocations     | 3 |  3.0
Dodging        | 3 7 |  7.9
Fighting       | 1 |  1.3
Staves         | 3 6 9 |  9.6
Ice Magic      | 5 |  5.4
Stealth        | |  1.4

Action                     |  1- 3 |  4- 6 |  7- 9 | 10-12 || total
---------------------------+-------+-------+-------+-------++-------
  Melee: Unarmed           |       |     5 |       |       ||     5
         Staff             |       |       |     2 |     1 ||     3
         War axe           |       |       |       |     3 ||     3
   Cast: Foxfire           |    17 |    12 |    34 |    35 ||    98
         Scorch            |     3 |     4 |    23 |    11 ||    41
         Flame Wave        |       |     1 |    12 |    12 ||    25
         Frozen Ramparts   |       |       |       |     2 ||     2
    Use: Potion            |     1 |       |       |     2 ||     3
         Scroll            |       |       |     5 |       ||     5
 Armour: Robe              |     2 |     4 |       |       ||     6
         Steam dragon scal |       |       |     9 |     7 ||    16
  Dodge: Dodged            |     3 |     9 |    18 |    56 ||    86
